 Dungeon Crawl Stone Soup version 0.32-a0-675-gdc239d62e1 (webtiles) character file.

Game seed: 10665311587247318082

182 shadizar the Magician (level 5, -7/35 HPs)
             Began as a Djinni Hedge Wizard on Mar 11, 2024.
             Killed from afar by Natasha (14 damage)
             ... with a rupture
             ... on level 3 of the Dungeon.
             The game lasted 00:02:39 (2441 turns).

shadizar the Magician (Djinni Hedge Wizard)         Turns: 2441, Time: 00:02:40

Health: -7/35      AC:  2    Str:  9    XL:     5   Next: 93%
Gold:   100        EV: 12    Int: 17    God:
                   SH:  0    Dex: 13

rFire   + + .        a - +0 dagger
rCold   x . .        (no shield)
rNeg    . . .        b - +0 robe
rPois   ∞            c - +0 hat
rElec   .            (no cloak)
rCorr   .            (no gloves)
SInv    .            (boots unavailable)
Will    .....        (no amulet)
Stlth   ++           (no ring)
HPRegen 0.25/turn    (no ring)
MPRegen 0.00/turn

%: infuse magic (-8 HP)
@: flying
A: sickness immunity, fire resistance 2, cold vulnerability 1, float, innate
caster, HP casting, extra vitality 1
a: no special abilities


You were on level 3 of the Dungeon.
You visited 1 branch of the dungeon, and saw 3 of its levels.

You collected 100 gold pieces.

Inventory:

Hand Weapons
 a - a +0 dagger (weapon)
Armour
 b - a +0 robe (worn)
 c - a +0 hat (worn)
 e - a +0 leather armour
 q - a +1 pair of gloves
Wands
 n - a wand of polymorph (3)
Scrolls
 f - a scroll of amnesia {unknown}
 h - a scroll of enchant armour {unknown}
 i - 2 scrolls of blinking {unknown}
 j - a scroll of identify {unknown}
 m - a scroll of fear {unknown}
 p - a scroll of teleportation {unknown}
Potions
 d - a potion of ambrosia {unknown}
 g - 3 potions of curing {unknown}
 k - a potion of might {unknown}
 l - a potion of berserk rage {unknown}
 o - 2 potions of haste {unknown}


   Skills:
 - Level 2.3 Dodging
 - Level 1.7 Stealth
 + Level 5.0 Spellcasting
 + Level 5.0 Conjurations
 + Level 5.0 Hexes
 + Level 5.0 Summonings
 + Level 5.0 Necromancy
 + Level 5.0 Translocations
 + Level 5.0 Fire Magic
 + Level 5.0 Ice Magic
 + Level 5.0 Air Magic
 + Level 5.0 Earth Magic
 + Level 5.0 Alchemy


You knew the following spells:

 Your Spells              Type           Power      Damage    Failure   Level
a - Magic Dart            Conj           84%        1d7       1%          1
b - Slow                  Hex            84%        N/A       1%          1
c - Blink                 Tloc           42%        N/A       2%          2
d - Call Imp              Summ           42%        N/A       2%          2
e - Mephitic Cloud        Conj/Alch/Air  21%        N/A       5%          3
f - Freeze                Ice            84%        1d9       1%          1
g - Scorch                Fire           42%        2d6       2%          2
Your spell library was empty.

Dungeon Overview and Level Annotations

Branches:
Dungeon (3/15)

Altars:

Annotations:
D:2 1 runed translucent door, Crazy Yiuf
D:3 Natasha


Innate Abilities, Weirdness & Mutations

You are immune to sickness and miasma.
You are immune to poison.
Your flesh is very heat resistant. (rF++)
You are vulnerable to cold. (rC-)
You float through the air rather than walking.
You learn spells naturally, not from books.
Your magical power is your life essence.
You have superior vitality. (+4 MHP)


Message History

You can't see any susceptible monsters within range! (Use Z to cast anyway.)
Found 7 stones.
i - 2 scrolls labelled KULOVYOSTRI (gained 1)
You see here a +1 pair of gloves.
An adder comes into view.
Found a chain mail.
You see here a +1 pair of gloves.
q - a +1 pair of gloves The magic dart hits the adder.
The adder is moderately wounded.
The adder hisses angrily.
Natasha, Servant of Life and Death comes into view.
She is carrying a wand of warping.
The magic dart hits the adder.
The adder is severely wounded.
Natasha hisses angrily.
The magic dart hits the adder.
You kill the adder!
Natasha howls an incantation.
You feel troubled.
Natasha stares at you and mumbles some strange words.
The magic dart hits you!
Natasha is nearby!
The magic dart hits Natasha.
Natasha is lightly wounded.
Natasha zaps a wand.
Space twists violently!
The rupture engulfs you.
You blink.
The rupture engulfs you!
* * * LOW HITPOINT WARNING * * *
You are too injured to fight recklessly!
You are too injured to fight recklessly!
Casting: Magic Dart (safe; 1% risk of failure)
Confirm with . or Enter, or press ? or * to list all spells.
Aiming: Mephitic Cloud (dangerous; 5% risk of failure)
Press: ? - help, Shift-Dir - straight line, f/p - Natasha
Aim: Natasha, carrying a wand of warping (lightly wounded, chance to affect: 86%)
The ball explodes into a vile cloud!
The stinking cloud engulfs Natasha.
Natasha is lightly wounded.
* * * LOW HITPOINT WARNING * * *
Natasha is engulfed in noxious fumes.
Natasha zaps a wand.
Space twists violently!
The rupture engulfs you!
You blink.
You die...

#.# #.# #.# #.# #####
....# ##########
#####§#### ###.#
#........#####.§...h..#
# #.#
#.###.....@..§.#...§§.#
# #.# #.#
#.##.#####.##...#.#
###.###.# #.##.# #.#
#.## ........###.##.#
#.. .# .##.##.........#
#.## # .##.##.####...##
#.# .##.##.# #...# #[#
....##.# ##.## ..
.#####.# #.#


There were no monsters in sight!

Vanquished Creatures
  Natasha (twice) (D:3)
  2 adders
  5 gnolls
  A dart slug (D:1)
  5 ball pythons
  5 bats
  7 endoplasms
  4 giant cockroaches
  2 goblins (D:1)
  6 hobgoblins
  7 jackals
  3 quokkas
  12 frilled lizards
  2 rats (D:1)
63 creatures vanquished.

Notes
Turn   | Place    | Note
-------+----------+-------------------------------------------
     0 | D:1      | shadizar the Djinni Hedge Wizard began the quest for the
                  | Orb.
     0 | D:1      | shadizar set off with the following spells memorised: Magic
                  | Dart, Slow, Blink, Call Imp, Mephitic Cloud.
     0 | D:1      | Reached XP level 1. HP: 15/15 MP: 0/0
    59 | D:1      | Reached XP level 2. HP: 19/21 MP: 0/0
   501 | D:1      | Reached XP level 3. HP: 21/25 MP: 0/0
   501 | D:1      | Learned a level 1 spell: Freeze
   703 | D:1      | Found a faded altar of an unknown god.
   866 | D:2      | Found a runed translucent door.
   867 | D:2      | Noticed Crazy Yiuf
   987 | D:2      | Reached XP level 4. HP: 28/31 MP: 0/0
  1596 | D:3      | Noticed Natasha
  1605 | D:3      | Killed Natasha
  1708 | D:3      | Noticed Natasha
  1716 | D:3      | Killed Natasha
  1717 | D:3      | Reached XP level 5. HP: 9/35 MP: 0/0
  1717 | D:3      | Learned a level 2 spell: Scorch
  2038 | D:3      | Reached skill level 5 in Spellcasting
  2038 | D:3      | Reached skill level 5 in Conjurations
  2038 | D:3      | Reached skill level 5 in Hexes
  2038 | D:3      | Reached skill level 5 in Summonings
  2038 | D:3      | Reached skill level 5 in Necromancy
  2038 | D:3      | Reached skill level 5 in Translocations
  2038 | D:3      | Reached skill level 5 in Fire Magic
  2038 | D:3      | Reached skill level 5 in Ice Magic
  2038 | D:3      | Reached skill level 5 in Air Magic
  2038 | D:3      | Reached skill level 5 in Earth Magic
  2038 | D:3      | Reached skill level 5 in Alchemy
  2437 | D:3      | Noticed Natasha
  2441 | D:3      | Killed from afar by Natasha

Illustrated notes

Levels and vault maps discovered:
D:1:      dpeg_arrival_long_road, layout_loops_cross,
          ebering_ecumenical_altar_mist
D:2:      layout_rooms, small_statue_intersection, serial_bayou_lagoon_a,
          minmay_lizard_king, uniq_crazy_yiuf_cottage
D:3:      layout_loops_corners, uniq_natasha

Skill      XL: |  1  2  3  4  5 |
---------------+----------------+-----
Spellcasting   | 4 5 |  5.0
Conjurations   | 4 5 |  5.0
Hexes          | 4 5 |  5.0
Summonings     | 4 5 |  5.0
Necromancy     | 4 5 |  5.0
Translocations | 4 5 |  5.0
Fire Magic     | 4 5 |  5.0
Ice Magic      | 4 5 |  5.0
Air Magic      | 4 5 |  5.0
Earth Magic    | 4 5 |  5.0
Alchemy        | 4 5 |  5.0
Dodging        | |  2.3
Stealth        | |  1.7

Action                     |  1- 3 |  4- 6 || total
---------------------------+-------+-------++-------
   Cast: Magic Dart        |    67 |    78 ||   145
         Call Imp          |     1 |       ||     1
         Mephitic Cloud    |       |     6 ||     6
 Armour: Robe              |     1 |    15 ||    16
  Dodge: Dodged            |     1 |     5 ||     6

Table legend: (Time is in decaauts)
 A = Elapsed time spent in this place.
 B = Non-inter-level travel time spent in this place.
 C = Inter-level travel time spent in this place.
 D = Time resting spent in this place.
 E = Time spent auto-exploring this place.
 F = Levels seen in this place.
 G = Mean time per level.
                   A        B        C        D        E       F      G
               +--------+--------+--------+--------+--------+-----+--------+
         Total |   2441 |   2301 |    140 |      0 |   1993 |   3 |  813.7 |
       Dungeon |   2441 |   2301 |    140 |      0 |   1993 |   3 |  813.7 |
               +--------+--------+--------+--------+--------+-----+--------+

Top non-repeatable levels by time:
     D:1: 884 daAuts
     D:3: 844 daAuts
     D:2: 712 daAuts
